 Dungeon Crawl Stone Soup version 0.30-a0-782-ge64f9170bb (webtiles) character file.

Game seed: 16507936858562826066

56 lorenzova the Conjurer (level 3, -3/19 HPs)
             Began as a Deep Elf Conjurer on Feb 19, 2023.
             Killed from afar by Ijyb (17 damage)
             ... with a bolt of light
             ... on level 3 of the Dungeon.
             The game lasted 00:08:04 (2066 turns).

lorenzova the Conjurer (Deep Elf Conjurer)          Turns: 2066, Time: 00:08:04

Health: -3/19      AC:  2    Str:  4    XL:     3   Next: 69%
Magic:  6/10       EV: 12    Int: 24    God:
Gold:   119        SH:  0    Dex: 13    Spells: 7/10 levels left

rFire   . . .      SeeInvis .    k - staff of conjuration
rCold   . . .      Faith    .    (no shield)
rNeg    . . .      Spirit   .    a - +0 robe
rPois   .          Reflect  .    (no helmet)
rElec   .          Harm     .    (no cloak)
rCorr   .          Rampage  .    (no gloves)
Will    .....                    (no boots)
Stlth   ++                       (no amulet)
HPRegen 0.23/turn                (no ring)
MPRegen 0.12/turn                (no ring)

@: no status effects
A: no striking features
a: no special abilities


You were on level 3 of the Dungeon.
You visited 1 branch of the dungeon, and saw 3 of its levels.

You collected 119 gold pieces.

Inventory:

Hand Weapons
 i - a +1 dagger of venom
Armour
 a - a +0 robe (worn)
Magical Staves
 k - a staff of conjuration (weapon)
Jewellery
 e - a ring of flight
 g - an amulet of the acrobat
 h - an amulet of magic regeneration
Scrolls
 j - a scroll of fog
 l - 2 scrolls of amnesia {unknown}
 m - 2 scrolls of teleportation {unknown}
 o - a scroll of fear {unknown}
Potions
 b - a potion of magic
 d - a potion of flight
 f - a potion of resistance
 n - a potion of lignification {unknown}
 p - a potion of degeneration {unknown}


   Skills:
 - Level 2.4 Dodging
 - Level 2.4 Stealth
 + Level 4.4 Spellcasting
 + Level 5.3 Conjurations


You had 7 spell levels left.
You knew the following spells:

 Your Spells              Type           Power      Damage    Failure   Level
a - Magic Dart            Conj           100%       1d8       1%          1
b - Searing Ray           Conj           92%        2d7       1%          2

Your spell library contained the following spells:

 Spells                   Type           Power      Damage    Failure   Level
 Dazzling Flash           Conj/Hex       54%        N/A       10%         3
 Sublimation of Blood     Necr           5%         N/A       14%         2
 Fulminant Prism          Conj/Hex       13%        3d9       30%         4
 Iskenderun's Mystic Bla  Conj/Tloc      27%        2d7       30%         4
 Irradiate                Conj/Tmut      13%        3d16      65%         5
 Petrify                  Tmut/Erth      5%         N/A       67%         4


Dungeon Overview and Level Annotations

Branches:
Dungeon (3/15)

Altars:

Annotations:
D:3 Ijyb


Message History

You feel sick.
You feel sick.
You feel sick.
You feel sick.
You are no longer poisoned.
You start resting.
Magic restored.
You start resting.
HP restored.
Ijyb is nearby!
Casting: Magic Dart (safe; 1% risk of failure)
Confirm with . or Enter, or press ? or * to list all spells.
Aiming: Magic Dart (safe; 1% risk of failure)
Press: ? - help, Shift-Dir - straight line, f - Ijyb
Aim: Ijyb, wielding a +0 dagger, wearing a +0 ring mail and carrying a wand of light (9) (wandering, hasn't noticed you, 100% to hit)
Okay, then.
Casting: Magic Dart (safe; 1% risk of failure)
Confirm with . or Enter, or press ? or * to list all spells.
Aiming: Magic Dart (safe; 1% risk of failure)
Press: ? - help, Shift-Dir - straight line, f - Ijyb
Aim: Ijyb, wielding a +0 dagger, wearing a +0 ring mail and carrying a wand of light (9) (wandering, hasn't noticed you, 100% to hit)
You feel a surge of power!
The magic dart hits Ijyb but does no damage.
Ijyb shouts!
You start resting.
Ijyb is nearby!
Casting: Magic Dart (safe; 1% risk of failure)
Confirm with . or Enter, or press ? or * to list all spells.
Aiming: Searing Ray (safe; 1% risk of failure)
Press: ? - help, Shift-Dir - straight line, f/p - Ijyb
Aim: Ijyb, wielding a +0 dagger, wearing a +0 ring mail and carrying a wand of light (9) (80% to hit)
You feel a surge of power!
The searing ray hits Ijyb.
Ijyb is lightly wounded. (Press . to maintain the ray.) Ijyb zaps a wand.
The bolt of light hits you.
The searing ray hits Ijyb.
Ijyb is moderately wounded.
The searing ray misses Ijyb.
Ijyb zaps a wand.
The bolt of light hits you!
Ouch! That really hurt!
You die...

........####
#.#.#.#<..
...........#
#.#.#.##.#
...........#
#.#.#....#
...........####
#.#......#
..............#
#.######.#
######.######.# #.#
#.# #. #.#######.# #.#
#.
#####.#.......######.#
#.
#....@#...............
#....g################
#.!.......g.
#...)####### #....#
#....# #....# ......
....###


You could see Ijyb.

Vanquished Creatures
  An adder (D:2)
  A worm (D:2)
  A dart slug (D:3)
  4 ball pythons (D:1)
  7 endoplasms
  5 goblins
  3 hobgoblins
  3 bats
  2 frilled lizards
  8 kobolds
  7 rats
42 creatures vanquished.

Notes
Turn   | Place    | Note
-------+----------+-------------------------------------------
     0 | D:1      | lorenzova the Deep Elf Conjurer began the quest for the
                  | Orb.
     0 | D:1      | Reached XP level 1. HP: 10/10 MP: 6/6
   194 | D:1      | Reached XP level 2. HP: 15/15 MP: 6/8
   197 | D:1      | Learned a level 2 spell: Searing Ray
   836 | D:1      | Reached skill level 5 in Conjurations
   914 | D:2      | Found a faded altar of an unknown god.
  1039 | D:2      | Reached XP level 3. HP: 19/19 MP: 5/10
  1814 | D:3      | Noticed Ijyb
  2066 | D:3      | Killed from afar by Ijyb

Illustrated notes

Levels and vault maps discovered:
D:1:      evilmike_arrival_plus, layout_rooms
D:2:      layout_basic, chequers_ecumenical_altar_simple_redux
D:3:      minmay_diamond_boxcup, layout_basic, serial_shops,
          nicolae_shop_bloodbath_and_beyond, kennysheep_jessica_study, uniq_ijyb

Skill      XL: |  1  2 |
---------------+-------+-----
Conjurations   | 5 |  5.3
Spellcasting   | 4 |  4.4
Dodging        | |  2.4
Stealth        | |  2.4

Action                     || total
---------------------------++-------
   Cast: Magic Dart        ||    76
         Searing Ray       ||     1
    Use: Scroll            ||     3
 Armour: Robe              ||     1
  Dodge: Dodged            ||     4

Table legend: (Time is in decaauts)
 A = Elapsed time spent in this place.
 B = Non-inter-level travel time spent in this place.
 C = Inter-level travel time spent in this place.
 D = Time resting spent in this place.
 E = Time spent auto-exploring this place.
 F = Levels seen in this place.
 G = Mean time per level.
                   A        B        C        D        E       F      G
               +--------+--------+--------+--------+--------+-----+--------+
         Total |   2064 |   1965 |     99 |    720 |    776 |   3 |  688.0 |
       Dungeon |   2064 |   1965 |     99 |    720 |    776 |   3 |  688.0 |
               +--------+--------+--------+--------+--------+-----+--------+

Top non-repeatable levels by time:
     D:2: 906 daAuts
     D:1: 897 daAuts
     D:3: 260 daAuts
